 Dungeon Crawl Stone Soup version 0.32-a0-872-g59262bdc9b (webtiles) character file.

Game seed: 17124894650540141557

14634 Thrusty the Carver (level 12, -9/101 HPs)
             Began as a Coglin Chaos Knight on Mar 28, 2024.
             Was a Plaything of Xom.
             Mangled by a black mamba (14 damage)
             ... on level 2 of the Lair of Beasts on Mar 30, 2024.
             The game lasted 01:03:16 (8655 turns).

Thrusty the Carver (Coglin Chaos Knight)            Turns: 8655, Time: 01:03:17

Health: -9/101     AC: 16    Str: 21    XL:     12   Next: 18%
Magic:  12/12      EV: 11    Int: 10    God:    Xom [....*.]
Gold:   167        SH:  0    Dex: 16    Spells: 11/11 levels left

rFire   + . .        O - +9 scimitar (freeze) {Raúl}
rCold   + + .        a - +0 falchion (chaos) {Nkonkoni}
rNeg    . . .        C - +1 chain mail {rC+}
rPois   +            (helmet restricted)
rElec   +            p - +1 cloak
rCorr   +            (no gloves)
SInv    .            K - +0 pair of boots
Will    .....        (amulet unavailable) Stlth
                     (ring unavailable)
HPRegen 0.36/turn    (ring unavailable)
MPRegen 0.13/turn    (no gizmo)

%: no passive effects
@: mighty, lethally poisoned (-9 -> -38), resistant, revved
A: off-hand wielding, slow wielding, warmup strikes, no jewellery, horns 1,
iridescent scales 1, sense surroundings 1, poison resistance, robust 1, strong
2, wild magic 3, evolution 1, MP-powered wands
a: Invent Gizmo, Renounce Religion


You were on level 2 of the Lair of Beasts.
You worshipped Xom.
You were a beloved toy of Xom.
You visited 3 branches of the dungeon, and saw 13 of its levels.
You also visited: Ossuary.

You collected 1816 gold pieces.
You spent 1649 gold pieces at shops.

Inventory:

Hand Weapons
 a - a +0 falchion of chaos (offhand) {Nkonkoni}
 h - a +2 dagger of venom {Eunkyung}
 A - a +0 long sword
 O - a +9 scimitar of freezing (weapon) {Raúl}
 W - a +4 sling of draining
Missiles
 k - 36 poisoned darts (quivered)
 v - a javelin
 F - 3 curare-tipped darts
Armour
 b - a scarf of invisibility
 p - a +1 cloak (worn)
 C - a +1 chain mail of cold resistance (worn)
 G - a +4 ring mail of willpower
 J - a +2 robe of willpower
 K - a +0 pair of boots (worn)
 L - +1 acid dragon scales
 S - the +6 scale mail of Sustrovu {Harm rElec Will+}
   (You found it on level 8 of the Dungeon)

   rElec:     It insulates you from electricity.
   Will+:     It increases your willpower.
   Harm:      It increases damage dealt and taken.
 X - the +1 helmet of the Watchman {rC++}
   (You found it on level 6 of the Dungeon)

   rC++:      It greatly protects you from cold.
Magical Staves
 n - a staff of alchemy {god gift}
Talismans
 u - a granite talisman
Wands
 q - a wand of light (4)
 D - a wand of roots (17)
 N - a wand of mindburst (8)
 P - a wand of paralysis (17)
 V - a wand of flame (8)
Scrolls
 d - a scroll of enchant armour {unknown}
 e - a scroll of brand weapon {unknown}
 g - a scroll of fog
 l - a scroll of torment {unknown}
 m - a scroll of acquirement {unknown}
 r - a scroll of fear
 s - a scroll of immolation {unknown}
 t - a scroll of enchant weapon
 w - 3 scrolls of summoning
 y - a scroll of revelation {unknown}
 B - 2 scrolls of blinking
 E - 3 scrolls of vulnerability {unknown}
 I - 2 scrolls of amnesia {unknown}
 M - 2 scrolls of noise {unknown}
 R - a scroll of identify
 T - 4 scrolls of teleportation
 Z - 2 scrolls of poison
Potions
 f - 2 potions of magic
 i - 2 potions of mutation
 j - a potion of cancellation
 o - 2 potions of ambrosia
 x - a potion of might
 z - 3 potions of resistance
 H - a potion of haste
 Q - 4 potions of curing
 U - 3 potions of attraction
 Y - a potion of enlightenment


   Skills:
 + Level 7.7 Fighting
 - Level 14.0 Long Blades
 - Level 3.0 Throwing
 - Level 5.0 Armour
 + Level 7.9 Dodging
 - Level 7.0 Evocations


You had 11 spell levels left.
You didn't know any spells.
Your spell library contained the following spells:

 Spells                   Type           Power      Damage    Failure   Level
 Necrotise                Necr           0%         1d4       99%         1
 Stone Arrow              Conj/Erth      0%         3d7       100%        3
 Vampiric Draining        Necr           0%         2d6       100%        3
 Animate Armour           Summ/Erth      0%         N/A       100%        4
 Martyr's Knell           Necr/Summ      0%         N/A       100%        4
 Summon Blazeheart Golem  Fire/Summ      0%         N/A       100%        4
 Curse of Agony           Necr           0%         N/A       100%        5
 Orb of Destruction       Conj           0%         9d5       100%        7
 Spellforged Servitor     Conj/Summ      0%         N/A       100%        7
 Lehudib's Crystal Spear  Conj/Erth      0%         10d2      100%        8


Dungeon Overview and Level Annotations

Branches:
Dungeon (10/15)            Temple (1/1) D:5            Lair (2/5) D:8
    Orc (0/2) D:10        Ossuary (visited)
  Swamp: Lair:2-3    Shoals: Lair:2-3     Snake: Lair:2-3    Spider: Lair:2-3

Altars:
Ashenzari
Cheibriados
Dithmenos
Elyvilon
Fedhas
Gozag
Hepliaklqana
Kikubaaqudgha
Makhleb
Nemelex Xobeh
Okawaru
Qazlal
Ru
Sif Muna
Trog
Uskayaw
Vehumet
Wu Jian
Xom
Yredelemnul
Zin
The Shining One

Shops:
D:4 *   D:6 *

Portals:
Ice
Cave: Lair:2

Annotations:
D:4 3 runed translucent doors, zorb987's ghost, amateur GnRe
D:5 3 exclusions


Innate Abilities, Weirdness & Mutations

You can wield a second weapon in your off-hand.
It takes a long time for you to wield or remove held weapons.
Your first few attacks do less damage.
You cannot equip rings or amulets.
You have a pair of small horns on your head.
You are partially covered in iridescent scales. (AC +2)
You passively map a small area around you.
Your system is resistant to poisons. (rPois)
You are robust. (+10% HP)
Your muscles are very strong. (Str +8, Int/Dex -2)
Your spells are much harder to cast, but much more powerful.
You have hidden genetic potential.
You expend magic power (3 MP) to strengthen your wands.


Message History

You kill the ice devil!
You feel sick.
The elephant tramples you but does no damage.
The elephant closely misses you.
The ice devil hits you but does no damage.
You slice the ice devil with your +9 scimitar of freezing!!
You headbutt the ice devil.
The ice devil is severely wounded.
You hit the ice devil with your +0 falchion of chaos.
You feel sick.
You slash the ice devil with your +9 scimitar of freezing!
The ice devil is almost dead.
You hit the ice devil but do no damage.
You feel sick. The elephant tramples you.
You hold your ground!
The elephant barely misses you.
The ice devil hits you but does no damage.
You slash the ice devil with your +0 falchion of chaos!
You kill the ice devil!
You feel sick.
You slash the elephant with your +0 falchion of chaos!
You headbutt the elephant.
The elephant is moderately wounded.
You slash the elephant with your +9 scimitar of freezing!
You freeze the elephant.
You feel sick.
Xom guffaws.
The elephant blinks! x3
You closely miss the black mamba with your +9 scimitar of freezing.
You miss the black mamba with your +0 falchion of chaos.
The black mamba bites you!
* * * LOW HITPOINT WARNING * * *
You are lethally poisoned!
The black mamba poisons you!
You barely miss the black mamba with your +0 falchion of chaos.
You slice the black mamba with your +9 scimitar of freezing!!
The black mamba seems to slow down.
You freeze the black mamba.
* * * LOW HITPOINT WARNING * * *
You feel very sick. The black mamba bites you.
* * * LOW HITPOINT WARNING * * *
You are more poisoned.
The black mamba poisons you!
You hit the black mamba with your +0 falchion of chaos.
You burn the black mamba. Your headbutt misses the black mamba.
The black mamba is almost dead.
You miss the black mamba with your +9 scimitar of freezing.
* * * LOW HITPOINT WARNING * * *
You feel very sick. The black mamba bites you!
You die...
Xom giggles madly!

* , , * #.....# * ,,,, ,
###...#.# ##.. , ,
.#........ , ####.... , ,
* .......... , .#..P...# *
#........ , ........# * ##
#.>...#. , ........###
...###....... ,
........+.##....##........
, ,
........#@.....∩##..Y....#
,
.......YS.##...!##..Y...##
, ......Y.###* ..##...####
,,..P.....# ##...##
........##########....# ,
...........YYP#.......# *,
.............Y.......## ,
..........#..#.......#
..P..........Y#......#


You could see 2 elephants and a black mamba (slow).

Vanquished Creatures
  Pikel (D:6)
  A harpy (D:9)
  A black mamba (Lair:1)
  Maggie (D:7)
  2 komodo dragons
  3 cane toads (Lair:1)
  2 ice devils (Lair:2)
  A kobold demonologist (D:8)
  A hornet (D:8)
  7 blink frogs
  Grinder (D:5)
  Sigmund (D:6)
  A slime creature (D:10)
  3 wyverns
  A shadow (D:9)
  A wraith (D:8)
  10 yaks (Lair:1)
  3 basilisks
  8 fire bats
  A steam dragon (D:8)
  Menkaure (Ossuary)
  2 acid dragons
  2 water moccasins
  A black bear (D:5)
  7 orc warriors
  3 sky beasts (D:7)
  5 wolves (Lair:1)
  3 centaurs
  2 lemures (D:6)
  Blork the orc (D:4)
  5 kobold brigands
  A gnoll sergeant (D:7)
  10 bullfrogs
  4 scorpions
  A wight (D:8)
  3 electric eels (D:7)
  A gnoll bouda (D:8)
  An orc priest (D:8)
  2 sleepcaps
  4 hounds
  2 jellies
  10 iguanas
  10 orc wizards
  Ijyb (D:4)
  3 mummies (Ossuary)
  Robin (D:4)
  10 gnolls
  5 adders
  A shadow imp (D:6)
  2 dart slugs
  3 ribbon worms
  23 orcs
  4 ball pythons
  9 endoplasms
  5 giant cockroaches
  3 gnoll zombies (Ossuary)
  11 goblins
  11 hobgoblins
  3 jackals
  16 kobolds
  4 quokkas
  10 bats
  4 frilled lizards (D:1)
  7 gnoll skeletons (Ossuary)
  2 goblin skeletons (Ossuary)
  6 goblin zombies (Ossuary)
  5 hobgoblin skeletons (Ossuary)
  2 hobgoblin zombies (Ossuary)
  4 kobold skeletons (Ossuary)
  2 kobold zombies (Ossuary)
  3 orc skeletons (Ossuary)
  7 orc zombies (Ossuary)
  7 rats
  4 rat skeletons (Ossuary)
  5 rat zombies (Ossuary)
314 creatures vanquished.

Vanquished Creatures (collateral kills)
  2 yaks
  A kobold brigand (D:8)
  A howler monkey (D:9)
  A goblin (D:4)
  3 kobolds
8 creatures vanquished.

Vanquished Creatures (others)
  2 orcs (D:5)
2 creatures vanquished.

Grand Total: 324 creatures vanquished

Notes
Turn   | Place    | Note
-------+----------+-------------------------------------------
     0 | D:1      | Thrusty the Coglin Chaos Knight began the quest for the
                  | Orb.
     0 | D:1      | Reached XP level 1. HP: 18/18 MP: 1/1
    27 | D:1      | XOM: silly message
    59 | D:1      | XOM: scenery: summon butterflies
    62 | D:1      | Reached XP level 2. HP: 16/24 MP: 2/2
    86 | D:1      | XOM: god gift: 21 gold pieces {god gift}
   266 | D:1      | XOM: cast spell 'Olgreb's Toxic Radiance'
   268 | D:1      | Reached skill level 4 in Long Blades
   326 | D:1      | Reached XP level 3. HP: 29/29 MP: 3/3
   331 | D:1      | XOM: 9-stop teleportation journey
   653 | D:1      | XOM: cloud trail
   695 | D:2      | XOM: chaos upgrade
   915 | D:2      | XOM: god gift: staff of alchemy {god gift}
   968 | D:2      | Reached XP level 4. HP: 30/35 MP: 4/4
   968 | D:2      | Gained mutation: Your flesh is heat resistant. (rF+)
                  | [potion of mutation]
   968 | D:2      | Gained mutation: Your muscles are strong. (Str +4, Int/Dex
                  | -1) [potion of mutation]
   968 | D:2      | Gained mutation: Your spells are a little harder to cast,
                  | but a little more powerful. [potion of mutation]
   968 | D:2      | Gained mutation: Your muscles are very strong. (Str +8,
                  | Int/Dex -2) [potion of mutation]
   976 | D:2      | Reached skill level 5 in Long Blades
  1043 | D:2      | Reached XP level 5. HP: 40/41 MP: 5/5
  1350 | D:3      | XOM: scenery: create altars
  1433 | D:3      | XOM: divination: detect creatures
  1474 | D:4      | Found a runed translucent gate.
  1474 | D:4      | Found a runed translucent gate.
  1474 | D:4      | Found a runed translucent gate.
  1475 | D:4      | Noticed zorb987's ghost (amateur GnRe)
  1509 | D:4      | XOM: fog
  1542 | D:5      | Entered Level 5 of the Dungeon
  1574 | D:5      | Reached skill level 6 in Long Blades
  1602 | D:5      | Found a staircase to the Ecumenical Temple.
  1611 | Temple   | Entered the Ecumenical Temple
  1648 | D:5      | XOM: destruction
  1709 | D:5      | Noticed a phantom
  1719 | D:5      | Noticed a centaur
  1796 | D:5      | Reached XP level 6. HP: 44/47 MP: 6/6
  1799 | D:5      | XOM: give mutation
  1799 | D:5      | Gained mutation: You are clumsy. (Dex -2) [Xom's mischief]
  1808 | D:5      | Found a sand-covered staircase.
  1821 | Ossuary  | Entered an ossuary
  2112 | Ossuary  | Noticed Menkaure
  2122 | Ossuary  | Killed Menkaure
  2123 | Ossuary  | Reached skill level 7 in Long Blades
  2138 | Ossuary  | Reached XP level 7. HP: 47/52 MP: 7/7
  2168 | D:5      | Upgraded the game from 0.32-a0-868-g153ae1a8d6 to
                  | 0.32-a0-872-g59262bdc9b
  2191 | D:5      | XOM: 1-stop teleportation journey
  2222 | D:4      | Found Jius's Mayhem Merchandise.
  2393 | D:4      | Reached skill level 8 in Long Blades
  2519 | D:4      | XOM: scenery: summon butterflies
  2598 | D:4      | XOM: scenery: summon butterflies
  2647 | D:4      | Noticed Blork the orc
  2655 | D:4      | XOM: summons 5 friendly demons
  2657 | D:4      | Killed Blork the orc
  2659 | D:4      | Found an ornate altar of the Wu Jian Council.
  2676 | D:4      | Noticed Ijyb
  2687 | D:4      | Killed Ijyb
  2735 | D:5      | Reached skill level 9 in Long Blades
  2848 | D:5      | XOM: polymorph centaur -> jackal
  2940 | D:6      | Reached XP level 8. HP: 57/58 MP: 8/8
  2959 | D:6      | XOM: silly message
  3010 | D:6      | Found Doam's Assorted Antiques.
  3019 | D:6      | Bought a black potion for 21 gold pieces
  3019 | D:6      | Bought a glowing ring mail for 168 gold pieces
  3019 | D:6      | Bought a helmet for 108 gold pieces
  3062 | D:6      | XOM: swap monsters
  3068 | D:6      | XOM: polymorph white imp -> shadow imp
  3089 | D:6      | Reached skill level 10 in Long Blades
  3316 | D:6      | Noticed Sigmund
  3319 | D:6      | Killed Sigmund
  3323 | D:6      | Reached skill level 11 in Long Blades
  3323 | D:6      | XOM: god gift: book of Dangerous Friends {god gift}
  3338 | D:6      | Reached XP level 9. HP: 65/65 MP: 9/9
  3366 | D:6      | XOM: god gift: 1012 gold pieces {god gift}
  3376 | D:7      | XOM: fog
  3405 | D:7      | Noticed Maggie
  3428 | D:7      | Killed Maggie
  3429 | D:7      | Reached skill level 12 in Long Blades
  3612 | D:7      | Reached skill level 1 in Dodging
  4233 | D:8      | XOM: enchant monster (good)
  4255 | D:8      | Noticed a hornet
  4257 | D:8      | XOM: fake destruction
  4261 | D:8      | Killed a hornet
  4262 | D:8      | Reached skill level 3 in Armour
  4262 | D:8      | Reached skill level 3 in Dodging
  4349 | D:8      | Found a staircase to the Lair.
  4379 | D:8      | Reached XP level 10. HP: 22/74 MP: 10/10
  4384 | D:8      | XOM: polymorph blink frog -> hobgoblin
  4391 | D:8      | HP: 1/74 [blink frog (12)]
  4804 | D:8      | Reached skill level 1 in Evocations
  4813 | D:8      | XOM: scenery: 1 doors open
  4830 | D:8      | Identified the +6 scale mail of Sustrovu {Harm rElec Will+}
  4869 | D:8      | Reached skill level 13 in Long Blades
  4914 | D:8      | XOM: god gift: robe {god gift}
  4986 | D:8      | XOM: cleaving
  5010 | D:8      | Found a stormy altar of Qazlal.
  5019 | D:8      | Noticed a tengu warrior
  5019 | D:8      | XOM: repel stairs
  5096 | D:8      | XOM: give mutations
  5096 | D:8      | Gained mutation: You are strong-willed. (Will+) [Xom's
                  | mischief]
  5096 | D:8      | Gained mutation: Your spells are harder to cast, but more
                  | powerful. [Xom's mischief]
  5096 | D:8      | Lost mutation: You are strong-willed. (Will+) [Xom's
                  | mischief]
  5443 | D:7      | XOM: god gift: amulet of guardian spirit {god gift}
  5532 | D:8      | Noticed a kobold demonologist
  5538 | D:8      | XOM: divination: detect items
  5547 | D:8      | Killed a kobold demonologist
  5548 | D:8      | Reached skill level 3 in Evocations
  5595 | D:8      | XOM: give mutation
  5595 | D:8      | Gained mutation: You passively map a small area around you.
                  | [Xom's grace]
  5922 | D:8      | XOM: silly message
  5977 | D:8      | XOM: torment (39/76 hp)
  6099 | D:9      | XOM: confuse monster(s)
  6116 | D:9      | Noticed a two-headed ogre
  6122 | D:9      | XOM: fake destruction
  6125 | D:9      | XOM: god gift: scroll labelled URAWOU EN AJON {god gift}
  6127 | D:9      | XOM: blink monster(s)
  6130 | D:9      | XOM: blink monster(s)
  6179 | D:9      | Noticed a boulder beetle
  6179 | D:9      | XOM: 1-stop teleportation journey
  6179 | D:9      | Noticed a deep elf pyromancer
  6194 | D:9      | XOM: confusion (+ monsters)
  6210 | D:8      | Reached skill level 6 in Fighting
  6363 | D:9      | a two-headed ogre changed into a polar bear
  6363 | D:9      | XOM: polymorph two-headed ogre -> polar bear
  6365 | D:9      | a polar bear changed into a harpy
  6365 | D:9      | Noticed a harpy
  6365 | D:9      | XOM: polymorph polar bear -> harpy
  6368 | D:9      | Killed a harpy
  6369 | D:9      | Reached skill level 6 in Dodging
  6373 | D:9      | Reached XP level 11. HP: 53/81 MP: 11/11
  6386 | D:9      | XOM: summons 11 friendly demons
  6394 | D:10     | Entered Level 10 of the Dungeon
  6404 | D:10     | Found a staircase to the Orcish Mines.
  6494 | D:7      | XOM: summons 11 friendly demons
  6527 | D:8      | XOM: give mutations
  6527 | D:8      | Gained mutation: You have a pair of small antennae on your
                  | head. [Xom's grace]
  6527 | D:8      | Gained mutation: You are partially covered in iridescent
                  | scales. (AC +2) [Xom's grace]
  6527 | D:8      | Gained mutation: Your spells are much harder to cast, but
                  | much more powerful. [Xom's grace]
  6687 | D:5      | XOM: give mutations
  6687 | D:5      | Lost mutation: You have a pair of small antennae on your
                  | head. [Xom's mischief]
  6687 | D:5      | Lost mutation: Your flesh is heat resistant. (rF+) [Xom's
                  | mischief]
  6771 | D:5      | Noticed Grinder
  6781 | D:5      | Killed Grinder
  6837 | D:4      | XOM: enchant monster (good)
  6859 | D:4      | XOM: give mutation
  6859 | D:4      | Gained mutation: You have hidden genetic potential. [Xom's
                  | grace]
  6934 | D:4      | Noticed Robin
  6939 | D:4      | Killed Robin
  7068 | D:4      | XOM: stat loss: -1 Dex (13/14)
  7141 | D:6      | Identified the +1 helmet of the Watchman {rC++}
  7154 | D:6      | Noticed Pikel
  7155 | D:6      | XOM: god gift: potion of might {god gift}
  7162 | D:6      | XOM: snakes to sticks
  7179 | D:6      | Killed Pikel
  7326 | D:6      | XOM: give mutations
  7326 | D:6      | Gained mutation: You are robust. (+10% HP) [Xom's grace]
  7326 | D:6      | Gained mutation: You expend magic power (3 MP) to
                  | strengthen your wands. [Xom's grace]
  7326 | D:6      | Lost mutation: You are clumsy. (Dex -2) [Xom's grace]
  7326 | D:6      | Gained mutation: Your system is resistant to poisons.
                  | (rPois) [Xom's grace]
  7405 | D:9      | Found Osyxzid's Gadget Gallery.
  7412 | D:9      | Bought a wand of roots (5) for 156 gold pieces
  7412 | D:9      | Bought a wand of paralysis (5) for 156 gold pieces
  7412 | D:9      | Bought a phantom mirror for 520 gold pieces
  7412 | D:9      | Bought a phial of floods for 520 gold pieces
  7419 | D:9      | Reached skill level 1 in Throwing
  7518 | D:9      | Noticed a two-headed ogre
  7519 | D:9      | XOM: confuse monster(s)
  7608 | D:9      | XOM: enchant monster (good)
  7636 | D:9      | XOM: summons friendly white imp
  7640 | D:9      | XOM: enchant monster (good)
  7646 | D:9      | XOM: summons friendly ufetubus
  7694 | Lair:1   | Entered Level 1 of the Lair of Beasts
  7794 | Lair:1   | XOM: divination: detect items
  7802 | Lair:1   | XOM: summons 4 friendly demons
  7805 | Lair:1   | XOM: scenery: create altars
  7823 | Lair:1   | Reached skill level 14 in Long Blades
  7964 | Lair:1   | XOM: silly message
  7986 | Lair:1   | XOM: summons 7 friendly demons
  7987 | Lair:1   | XOM: summons friendly shadow imp
  7999 | Lair:1   | XOM: cast spell 'Summon Ice Beast'
  8001 | Lair:1   | XOM: confusion (+ monsters)
  8012 | Lair:1   | Reached skill level 6 in Evocations
  8016 | Lair:1   | Reached skill level 3 in Throwing
  8185 | Lair:1   | Noticed a death yak
  8185 | Lair:1   | Noticed a death yak
  8291 | Lair:1   | Reached XP level 12. HP: 67/100 MP: 12/12
  8530 | D:9      | XOM: scenery: create altars
  8585 | Lair:2   | Gained mutation: You have a pair of small horns on your
                  | head. [hidden potential]
  8638 | Lair:2   | Found a frozen archway.
  8652 | Lair:2   | XOM: cast spell 'Dispersal'
  8655 | Lair:2   | HP: 5/101 [poisoned by a black mamba]
  8655 | Lair:2   | Mangled by a black mamba

Illustrated notes

Levels and vault maps discovered:
D:1:      co_arrival_random_square_maze, layout_loops_ring, minmay_cut_off
D:2:      layout_basic, minmay_misc_feat_roman, minmay_splitting_lines
D:3:      layout_basic
D:4:      layout_basic, ebering_ghost_rock_garden, minmay_shop_mayhem,
          minmay_ruined_shrine, uniq_robin, uniq_blork_the_orc, uniq_ijyb
D:5:      layout_loops_ring, temple_statues, serial_glass, glass_columns_a,
          glass_columns_a, chequers_ossuary_entry_cave,
          ebering_dispersal_statue_hall, kennysheep_generic_room_6, uniq_grinder
D:6:      nicolae_cairo_tiling_very_big, layout_basic, serial_shops,
          nicolae_shop_stone, amethyst_killhole, uniq_pikel, uniq_sigmund
D:7:      layout_loops_ring, serial_bayou, serial_bayou_crossing,
          serial_bayou_lake_a, serial_bayou_shore_a, serial_bayou_lagoon_a,
          uniq_maggie
D:8:      minmay_the_grid_square_5x5_3x3
          [minmay_the_grid_square_5x5_broken_cross,
          minmay_the_grid_square_5x5_three, minmay_the_grid_square_5x5_shrine2,
          minmay_the_grid_square_5x5_plus,
          minmay_the_grid_square_5x5_megaprize_hollow,
          minmay_the_grid_square_5x5_fat_x, minmay_the_grid_square_5x5_one_wall,
          minmay_the_grid_square_5x5_two_small,
          minmay_the_grid_square_5x5_three_walls], layout_layer_cave,
          grunt_qazlal_sundering, dpeg_lair_monsters, special_room
          [special_room_kobold]
D:9:      cheibrodos_fzero, layout_cave_pools, nicolae_shop_gadgets
D:10:     layout_rooms, nicolae_kite_square_tiling_tiny, minmay_misc_feat_chi,
          kennysheep_generic_room_11
Temple:   nicolae_temple_the_god_donut
Lair:1:   layout_roguey, small_statue_intersection, lemuel_fruit_fields
Lair:2:   layout_gridlike, guppyfry_snake_entry_garden,
          portal_ice_cave_demonic_guard, worms_lemuel, grunt_megastairs_2,
          serial_bayou_shore_b, uniq_gastronok

Skill      XL: |  1  2  3  4  5  6  7  8  9 10 11 12 |
---------------+-------------------------------------+-----
Long Blades    | 4 5 6 7 9 11 12 13 14 | 14.0
Fighting       | 4 5 6 7 |  7.7
Dodging        | 3 6 7 |  7.9
Armour         | 3 4 5 |  5.0
Evocations     | 4 6 7 |  7.0
Throwing       | 3 |  3.0

Action                     |  1- 3 |  4- 6 |  7- 9 | 10-12 || total
---------------------------+-------+-------+-------+-------++-------
  Melee: Falchion          |    87 |   154 |   231 |    25 ||   497
         Dagger            |    79 |   135 |   255 |   306 ||   775
         Scimitar          |       |       |    31 |   360 ||   391
         Headbutt          |       |       |       |     4 ||     4
  Throw: Dart              |       |       |       |     9 ||     9
  Evoke: Wand              |       |       |     3 |     5 ||     8
    Use: Potion            |       |     4 |       |    10 ||    14
         Scroll            |       |       |       |    22 ||    22
   Stab: Sleeping          |     1 |       |       |       ||     1
         Petrifying        |       |     2 |       |     1 ||     3
         Confused          |       |     1 |       |     4 ||     5
         Petrified         |       |       |     2 |       ||     2
         Distracted        |       |       |       |     2 ||     2
 Armour: Leather armour    |    41 |    59 |    53 |       ||   153
         Ring mail         |       |       |   113 |   299 ||   412
         Chain mail        |       |       |       |    35 ||    35
  Dodge: Dodged            |    47 |    60 |   134 |   293 ||   534

Table legend: (Time is in decaauts)
 A = Elapsed time spent in this place.
 B = Non-inter-level travel time spent in this place.
 C = Inter-level travel time spent in this place.
 D = Time resting spent in this place.
 E = Time spent auto-exploring this place.
 F = Levels seen in this place.
 G = Mean time per level.
                   A        B        C        D        E       F      G
               +--------+--------+--------+--------+--------+-----+--------+
         Total |   8506 |   7960 |    546 |    746 |   3563 |  14 |  607.6 |
       Dungeon |   7427 |   7038 |    389 |    746 |   3242 |  10 |  742.7 |
        Temple |      1 |      1 |      0 |      0 |      0 |   1 |    1.0 |
          Lair |    742 |    586 |    156 |      0 |    321 |   2 |  371.0 |
       Ossuary |    335 |    335 |      0 |      0 |      0 |   1 |  335.0 |
               +--------+--------+--------+--------+--------+-----+--------+

Top non-repeatable levels by time:
     D:8: 2088 daAuts
     D:7: 1131 daAuts
     D:4: 812 daAuts
     D:6: 707 daAuts
     D:1: 679 daAuts
     D:5: 664 daAuts
  Lair:1: 661 daAuts
     D:2: 646 daAuts
     D:9: 475 daAuts
 Ossuary: 335 daAuts
     D:3: 190 daAuts
  Lair:2: 80 daAuts
    D:10: 30 daAuts
  Temple: 1 daAuts
